 Dungeon Crawl Stone Soup version 0.25-a0-804-g50c693f418 (webtiles) character file.

Game seed: 11831167158528224793, levelgen mode: deterministic

9 Esekla the Stinger (level 2, -1/15 HPs)
             Began as a Tengu Venom Mage on Apr 19, 2020.
             Slain by a worm (12 damage)
             ... on level 2 of the Dungeon.
             The game lasted 00:04:11 (551 turns).

Esekla the Stinger (Tengu Venom Mage)                Turns: 551, Time: 00:04:12

Health: -1/15      AC:  2    Str:  8    XL:     2   Next: 16%
Magic:  2/6        EV: 13    Int: 15    God:
Gold:   19         SH:  0    Dex: 14    Spells: 2/5 levels left

rFire    . . .     SeeInvis .   d - +0 dagger
rCold    . . .     Gourm    .   (no shield)
rNeg     . . .     Faith    .   a - +0 robe
rPois    .         Spirit   .   (helmet restricted)
rElec    .         Reflect  .   (no cloak)
rCorr    .         Harm     .   (no gloves)
MR       .....                  (boots unavailable)
Stlth    ++........             (no amulet)
HPRegen  0.05/turn              (no ring)
MPRegen  0.10/turn              (no ring)

@: very slightly contaminated
A: beak, talons 3
a: no special abilities


You were on level 2 of the Dungeon.
You were not hungry.

You visited 1 branch of the dungeon, and saw 2 of its levels.

You collected 19 gold pieces.

Inventory:

Hand Weapons
 b - a +0 club
 d - a +0 dagger (weapon)
Armour
 a - a +0 robe (worn)
Scrolls
 e - a scroll of teleportation {unknown}
 f - a scroll of enchant weapon {unknown}
 g - a scroll of identify {unknown}
Comestibles
 c - a ration


   Skills:
 + Level 2.5 Dodging
 - Level 2.0 Stealth
 * Level 2.4 Spellcasting
 - Level 0.7 Transmutations
 * Level 0.1 Air Magic
 - Level 3.0 Poison Magic


You had 2 spell levels left.
You knew the following spells:

 Your Spells              Type           Power        Failure   Level  Hunger
a - Sting                 Tmut/Pois      #...         10%         1    #......
b - Poisonous Vapours     Pois/Air       #.....       17%         2    ###....

Your spell library contained the following spells:

 Spells                   Type           Power        Failure   Level  Hunger
 Ignite Poison            Fire/Tmut/Pois #.......     36%         3    ###....
 Mephitic Cloud           Conj/Pois/Air  #.......     38%         3    ###....
 Olgreb's Toxic Radiance  Pois           ##......     52%         4    #####..


Dungeon Overview and Level Annotations

Branches:
Dungeon (2/15)

Altars:


Innate Abilities, Weirdness & Mutations

You have a beak for a mouth.
You have claws for feet.


Message History

Aiming: Poisonous Vapours (safe; 17% risk of failure)
Press: ? - help, Dir - move target cursor, f - worm
Aim: a worm (hasn't noticed you) Poisonous vapours surround the worm!
The worm is engulfed in poison gas.
The worm is poisoned.
Casting: Poisonous Vapours (safe; 17% risk of failure)
Confirm with . or Enter, or press ? or * to list all spells.
Aiming: Poisonous Vapours (safe; 17% risk of failure)
Press: ? - help, Dir - move target cursor, f/p - worm
Aim: a worm (moderately wounded, poisoned)
You miscast Poisonous Vapours.
You are very lightly contaminated with residual magic.
Nothing appears to happen.
The worm bites you.
You hit the worm. You claw the worm. You peck the worm, but do no damage.
The worm is heavily wounded.
You hit the worm but do no damage. You peck the worm.
The worm is severely wounded.
The worm bites you!
Ouch! That really hurt!
You die...

#####.### #...#
.....<..#.##..#
#####.#.#.##..#
#.#.#.##..#
#####...#.##..#
....#####.##..##########
.##.#####.##...)........
.....>....##.#####....##
..#.............@w......
..##########.#####....##
..# #.# ...# ..# #.# ..#
..# #.# .# ..# #.# # #.#
#.# #.# #.# #)# #.#


You could see a worm.

Vanquished Creatures
  A leopard gecko (D:1)
  A goblin (D:1)
  3 hobgoblins
  A kobold (D:2)
  A rat (D:1)
7 creatures vanquished.

Notes
Turn   | Place    | Note
-------+----------+-------------------------------------------
     0 | D:1      | Esekla the Tengu Venom Mage began the quest for the Orb.
     0 | D:1      | Reached XP level 1. HP: 10/10 MP: 4/4
   209 | D:1      | Reached XP level 2. HP: 7/15 MP: 6/6
   221 | D:1      | Learned a level 2 spell: Poisonous Vapours
   551 | D:2      | Slain by a worm

Levels and vault maps discovered:
D:1:      minmay_arrival_loop, layout_basic
D:2:      minmay_spotlight, layout_basic, minmay_fractal_squares_gapless_5

Action                   || total
-------------------------++-------
Melee: Club              ||     2
       Dagger            ||     4
       Peck              ||     3
       Kick              ||     2
 Cast: Sting             ||    10
       Poisonous Vapours ||     3
 Stab: Sleeping          ||     1
Dodge: Dodged            ||     3

Table legend:
 A = Non-vault XP
 B = Vault XP
 C = Vault XP percentage of total XP
 D = Non-vault monster count
 E = Vault monster count
 F = Vault count percentage of total count
                 A         B        C        D         E       F
            +---------+---------+-------+---------+---------+-------
      Total |      14 |       0 |   0.0 |       7 |       0 |   0.0
            +---------+---------+-------+---------+---------+-------
        D:1 |      10 |       0 |   0.0 |       5 |       0 |   0.0
        D:2 |       4 |       0 |   0.0 |       2 |       0 |   0.0
            +---------+---------+-------+---------+---------+-------
